 Dungeon Crawl Stone Soup version bcrawl-1.37.2 (webtiles) character file.

Game seed: 6806822308196426762

531779 KristoblXynda the Cleaver (level 13, -3/116 HPs)
             Began as a Grey Draconian Monk on Jan 25, 2023.
             Was the Champion of Cheibriados.
             Killed by divine providence
             ... invoked by an orc priest
              (9 damage)
             ... in the Orcish Mines.
             The game lasted 00:17:03 (13090 turns).

KristoblXynda the Cleaver (Grey Draconian Monk)    Turns: 13090, Time: 00:17:03

Health: -3/116     AC: 17    Str: 35    XL:     13   Next: 44%
Magic:  0/20       EV: 35    Int: 30    God:    Cheibriados [******]
Gold:   755        SH:  0    Dex: 33    Spells: 9/12 levels left

rFire    . . .     GDR:     40% y - +4 war axe (freeze)
rCold    . . .     SeeInvis .   (no shield)
rNeg     . . .     Gourm    .   (armour unavailable)
rPois    +         Faith    .   b - +1 hat
rElec    .         Spirit   +   h - +0 cloak
rCorr    .         Reflect  .   (no gloves)
MR       .....     Clarity  +   w - +1 pair of boots {Stlth++}
Stlth    ++++++....             c - amulet of guardian spirit
HPRegen  0.29/turn              B - ring of poison resistance
MPRegen  0.17/turn              (no ring)

@: mighty, agile, very slow
A: walk through water, unfitting armour, unbreathing, cold-blooded, AC +13
a: Bend Time, Defer, Temporal Distortion, Step From Time, Renounce Religion


You were in the Orcish Mines.
You worshipped Cheibriados.
Cheibriados was exalted by your worship.
You were hungry.

You visited 3 branches of the dungeon, and saw 14 of its levels.

You collected 978 gold pieces.
You spent 223 gold pieces at shops.

Inventory:

Hand Weapons
 j - a +5 morningstar
 u - the +8 demon blade "Leech" {vamp, rN+ AC-5}
   (You took it off an ogre mage on level 12 of the Dungeon)

   It inflicts no extra harm, but heals its wielder when it wounds a living foe.
   It affects your AC (-5).
   It protects you from negative energy.
 y - a +4 war axe of freezing (weapon)
Armour
 b - a +1 hat (worn)
 h - a +0 cloak (worn)
 w - a +1 pair of boots of stealth (worn)
Jewellery
 c - an amulet of guardian spirit (around neck)
 f - an uncursed ring of ice
 B - a ring of poison resistance (left hand)
Wands
 r - a wand of iceblast (8)
 x - a wand of paralysis (4)
Scrolls
 d - 5 scrolls of remove curse
 i - a scroll of identify
 p - a scroll of blinking
 q - 4 scrolls of magic mapping
 s - 2 scrolls of teleportation
Potions
 a - a potion of brilliance
 g - 3 potions of flight
 k - 2 potions of curing
 l - a potion of cancellation
 m - 4 potions of magic
 t - 3 potions of resistance
 v - 2 potions of mutation
 A - 4 potions of lignification
Miscellaneous
 o - a lightning rod (4/4)
Comestibles
 e - 19 rations {!d}


   Skills:
 - Level 11.4 Fighting
 + Level 12.6 Axes
 + Level 11.7 Dodging
 - Level 2.0 Stealth
 + Level 6.7 Charms
 + Level 10.2 Invocations


You had 9 spell levels left.
You knew the following spells:

 Your Spells              Type           Power        Failure   Level  Hunger
a - Regeneration          Chrm/Necr      ###.......   8%          3    #####..

Your spell library contained the following spells:

 Spells                   Type           Power        Failure   Level  Hunger
 Infusion                 Chrm           #####...     1%          1    None
 Song of Slaying          Chrm           #####...     1%          2    ####...
 Swiftness                Chrm/Air       ###.....     3%          2    ####...
 Ozocubu's Armour         Chrm/Ice       ###.....     8%          3    #####..
 Spectral Weapon          Hex/Chrm       ###.....     8%          3    #####..
 Freezing Cloud           Ice/Air        #.......     95%         5    #######
 Metabolic Englaciation   Hex/Ice        #.........   95%         5    #######
 Bolt of Cold             Conj/Ice       #.........   100%        6    #######
 Ozocubu's Refrigeration  Ice            #.........   100%        6    #######
 Simulacrum               Ice/Necr       #.......     100%        6    #######


Dungeon Overview and Level Annotations

Branches:
Dungeon (12/12)            Temple (1/1) D:4            Lair (0/6) D:9
    Orc (1/1) D:8             Elf (0/3) Orc          Vaults (0/3) D:12
 Depths (0/5) D:12

Altars:
Ashenzari
Cheibriados
Dithmenos
Elyvilon
Fedhas
Gozag
Hepliaklqana
Kikubaaqudgha
Lugonu
Makhleb
Nemelex Xobeh
Okawaru
Qazlal
Ru
Sif Muna
Trog
Uskayaw
Vehumet
Wu Jian
Xom
Yredelemnul
Zin
The Shining One

Shops:
D:5 *   D:6 (   D:11 :   Orc :(?

Portals:
Trove: D:10 (give +3 large shield)

Annotations:
D:12 Frances


Innate Abilities, Weirdness & Mutations

You can walk through water.
Your dull iron-grey scales are very hard. (AC +13)
You cannot fit into any form of body armour.
You can survive without breathing.
You are cold-blooded and may be slowed by cold attacks.


Message History

An orc wizard comes into view.
It is wielding a +0 dagger of electrocution.
The hellwing barely misses you. The hellwing completely misses you.
Items here: ))) [[ †† No path to travel!
You slice the orc high priest!! You freeze the orc high priest!
Your tail-slap misses the orc high priest.
The orc high priest is almost dead.
You slash the rust devil! You freeze the rust devil.
You hit the hellwing but do no damage. You slash the orc priest!
You freeze the orc priest.
You kill the orc priest!
Cheibriados thoroughly appreciates the change of pace.
The rust devil completely misses you.
The orc high priest calls down the wrath of Beogh upon you.
Pain shoots through your body!
* * * LOW HITPOINT WARNING * * *
The orc high priest mumbles some strange prayers.
The orc priest mumbles some strange prayers to Beogh against you.
Beogh smites you!
You die... ...... ..# .#. .....#..# .... ....#..### #..4### ...#..#.## ..oo{#. #..#.....## .#4#.o{ #.......#.## o∩4oooo

#..)).....>#
#oo4##).)).....##
#o@#).#..#.....
##)4))#........
#.))..#..#....#
#.......#..# ...#
##......#..#.....
.......##.......#.
.......##...#.#....
#############...#...#.#
...............#.....#


You could see 3 orc high priests, 2 hellwings, a rust devil, 2 chaos spawn, an
orc sorcerer, an orc warrior, an orc wizard, 4 orc priests and an orc.

Vanquished Creatures
  An emperor scorpion (D:12)
  A dire elephant (D:12)
  Fannar (D:12)
  2 hydras (D:12)
  2 ogre magi (D:12)
  10 two-headed ogres
  2 dancing weapons (D:12)
  An orc high priest (Orc)
  3 centaur warriors (D:12)
  An unseen horror (D:12)
  A wolf spider zombie (D:12)
  A cyclops (D:12)
  An orc knight (D:12)
  A salamander (D:12)
  Joseph (D:9)
  A cane toad (shapeshifter) (D:9)
  A gargoyle (D:12)
  3 komodo dragons
  A kobold demonologist (D:12)
  4 trolls
  A harpy skeleton (D:12)
  2 hippogriffs
  5 slime creatures (D:12)
  2 meliai zombies
  3 shadows
  A water elemental (D:10)
  An air elemental (D:10)
  2 wyverns (D:11)
  A wraith (D:9)
  A fire elemental (D:10)
  3 hogs (D:7)
  10 yaks
  A human (D:7)
  A basilisk (D:9)
  3 hungry ghosts
  7 vampire mosquitoes
  A two-headed ogre zombie (D:8)
  A warg (D:12)
  2 crocodiles (D:9)
  An acid dragon (D:12)
  3 porcupines (D:9)
  10 orc warriors
  A black bear (D:9)
  3 hornet zombies
  5 ice beasts
  A phantom (D:8)
  10 ogres
  4 sky beasts
  4 bullfrogs
  5 kobold brigands
  A gnoll sergeant (D:5)
  A wyvern zombie (D:8)
  2 centaurs
  4 troll zombies (D:8)
  2 scorpions
  9 killer bees
  A howler monkey (D:3)
  9 wights
  15 orc priests
  4 crimson imps
  A bullfrog zombie (D:8)
  3 hounds
  28 orc wizards
  4 iguanas
  7 worker ants
  3 ogre zombies (D:8)
  2 hound skeletons
  9 gnolls (D:5)
  A howler monkey skeleton (D:9)
  14 adders
  5 shadow imps
  A white imp (D:9)
  An ooze (D:4)
  2 adder skeletons
  2 worms
  3 dart slugs
  4 leopard geckos
  42 orcs
  A ball python (D:2)
  3 giant cockroaches
  4 goblins
  10 hobgoblins
  9 jackals
  2 quokkas
  8 bats
  8 frilled lizards
  2 goblin skeletons (D:8)
  5 goblin zombies (D:8)
  A hobgoblin zombie (D:11)
  37 kobolds
  An orc skeleton (D:8)
  16 orc zombies (D:8)
  6 rats
  A fungus (D:9)
  3 plants (D:9)
431 creatures vanquished.

Vanquished Creatures (others)
  An earth elemental (D:10)
  A fungus (D:9)
  11 plants
13 creatures vanquished.

Grand Total: 444 creatures vanquished

Notes
Turn   | Place    | Note
-------+----------+-------------------------------------------
     0 | D:1      | KristoblXynda the Draconian Monk began the quest for the
                  | Orb.
     0 | D:1      | Reached XP level 1. HP: 19/19 MP: 2/2
    79 | D:1      | Reached XP level 2. HP: 26/26 MP: 3/3
   598 | D:1      | Reached XP level 3. HP: 33/33 MP: 4/4
   651 | D:2      | Found a snail-covered altar of Cheibriados.
   703 | D:2      | Became a worshipper of Cheibriados the Contemplative
   703 | D:2      | Reached * piety under Cheibriados
   703 | D:2      | Reached ** piety under Cheibriados
   818 | D:2      | Found a faded altar of an unknown god.
   986 | D:2      | Reached XP level 4. HP: 39/40 MP: 3/5
  1033 | D:2      | Found a sacrificial altar of Ru.
  1177 | D:2      | Reached *** piety under Cheibriados
  1401 | D:3      | Reached skill level 4 in Axes
  1417 | D:3      | Reached XP level 5. HP: 42/47 MP: 4/7
  1471 | D:3      | Found a white marble altar of Elyvilon.
  2591 | D:4      | Reached XP level 6. HP: 52/55 MP: 6/8
  2668 | D:4      | Reached **** piety under Cheibriados
  2931 | D:4      | Noticed a sky beast
  2932 | D:4      | Noticed a sky beast
  2936 | D:4      | Killed a sky beast
  2937 | D:4      | Reached skill level 5 in Fighting
  2948 | D:4      | Killed a sky beast
  3015 | D:4      | Noticed a sky beast
  3056 | D:4      | Killed a sky beast
  3057 | D:4      | Reached skill level 5 in Axes
  3057 | D:4      | Your scales start taking on a dull iron-grey colour.
  3057 | D:4      | Reached XP level 7. HP: 48/61 MP: 7/10
  3057 | D:4      | Gained mutation: You can survive without breathing. [Grey
                  | Draconian growth]
  3149 | D:4      | Found a staircase to the Ecumenical Temple.
  3438 | Temple   | Entered the Ecumenical Temple
  3606 | D:5      | Entered Level 5 of the Dungeon
  3763 | D:5      | Reached skill level 5 in Dodging
  3850 | D:5      | Reached skill level 6 in Axes
  3850 | D:5      | Reached XP level 8. HP: 54/71 MP: 9/11
  3908 | D:5      | Found Gozag's Platinum Reserve.
  3912 | D:5      | Found an opulent altar of Gozag.
  4505 | D:5      | Reached ***** piety under Cheibriados
  5015 | D:6      | Found a hazy altar of Hepliaklqana.
  5203 | D:6      | Found Tofi's Weapon Boutique.
  5210 | D:6      | Bought a +2 war axe of freezing for 183 gold pieces
  5213 | D:6      | Bought a +0 morningstar for 40 gold pieces
  5790 | D:7      | Reached skill level 7 in Axes
  6057 | D:7      | Reached XP level 9. HP: 81/81 MP: 12/12
  6616 | D:7      | Reached skill level 8 in Axes
  7034 | D:8      | Noticed a troll
  7042 | D:8      | Killed a troll
  7066 | D:8      | Noticed a two-headed ogre
  7074 | D:8      | Reached XP level 10. HP: 70/91 MP: 10/13
  7075 | D:8      | Killed a two-headed ogre
  7076 | D:8      | Reached skill level 9 in Axes
  7293 | D:8      | Reached skill level 10 in Fighting
  7293 | D:8      | Reached ****** piety under Cheibriados
  7389 | D:8      | Found a staircase to the Orcish Mines.
  8341 | D:9      | Found a staircase to the Lair.
  8358 | D:9      | Reached skill level 10 in Axes
  8365 | D:9      | Reached XP level 11. HP: 78/101 MP: 10/14
  8491 | D:9      | Reached skill level 5 in Invocations
  8804 | D:9      | Noticed a two-headed ogre
  8820 | D:9      | Killed a two-headed ogre
  8952 | D:9      | Noticed Joseph
  8963 | D:9      | Killed Joseph
  8998 | D:9      | Found a bloodstained altar of Trog.
  9280 | D:10     | Entered Level 10 of the Dungeon
  9415 | D:10     | Found a portal to a secret trove of treasure.
  9769 | D:10     | Found a large runed door.
  9769 | D:10     | Found a large runed door.
  9779 | D:10     | Learned a level 3 spell: Regeneration
  9972 | D:11     | Reached skill level 1 in Charms
 10181 | D:11     | Found Ituda's Book Shop.
 10287 | D:11     | Reached skill level 10 in Dodging
 10799 | D:12     | Entered Level 12 of the Dungeon
 10808 | D:12     | Noticed an orc knight
 10809 | D:12     | Noticed a two-headed ogre
 10809 | D:12     | Noticed a two-headed ogre
 10810 | D:12     | Noticed an ogre mage
 10975 | D:12     | Noticed a centaur warrior
 11013 | D:12     | Killed a centaur warrior
 11014 | D:12     | Reached skill level 11 in Axes
 11091 | D:12     | Noticed a centaur warrior
 11093 | D:12     | Reached XP level 12. HP: 110/110 MP: 17/17
 11229 | D:12     | Identified the +6 hand axe of Viny Blind Justice {drain,
                  | rElec rPois rC++ MR+}
 11229 | D:12     | Noticed an eight-headed hydra
 11544 | D:12     | Noticed a four-headed hydra
 11551 | D:12     | Killed a four-headed hydra
 11557 | D:12     | HP: 2/110 [acid (8)]
 11559 | D:12     | Noticed an emperor scorpion
 11564 | D:12     | Noticed a two-headed ogre
 11690 | D:12     | Noticed a seven-headed hydra
 11690 | D:12     | Noticed a fire dragon
 11690 | D:12     | Noticed Frances
 11726 | D:12     | Noticed a two-headed ogre
 11729 | D:12     | Noticed a two-headed ogre
 11732 | D:12     | Killed an ogre mage
 11736 | D:12     | Killed a two-headed ogre
 11737 | D:12     | Killed a two-headed ogre
 11738 | D:12     | Reached skill level 5 in Charms
 11741 | D:12     | Killed a two-headed ogre
 11747 | D:12     | Killed a two-headed ogre
 11862 | D:12     | Noticed an ogre mage
 11863 | D:12     | Noticed a two-headed ogre
 11864 | D:12     | Noticed a two-headed ogre
 11865 | D:12     | Noticed a two-headed ogre
 11868 | D:12     | Killed an ogre mage
 11871 | D:12     | Reached skill level 12 in Axes
 11871 | D:12     | Killed a two-headed ogre
 11876 | D:12     | Killed a two-headed ogre
 11876 | D:12     | Killed a two-headed ogre
 11879 | D:12     | Killed a two-headed ogre
 11880 | D:12     | Reached XP level 13. HP: 31/116 MP: 6/20
 12089 | D:12     | Killed an emperor scorpion
 12301 | D:12     | Found a gate to the Vaults.
 12357 | D:12     | Noticed Fannar
 12369 | D:12     | Killed Fannar
 12468 | D:12     | Reached skill level 10 in Invocations
 12505 | D:12     | Found a staircase to the Depths.
 12505 | D:12     | Noticed a dire elephant
 12516 | D:12     | Killed a dire elephant
 12897 | Orc      | Entered the Orcish Mines
 13040 | Orc      | Found a staircase to the Elven Halls.
 13056 | Orc      | Found Fitiagh's Magic Scroll Emporium.
 13056 | Orc      | Found Afofuarr's Antique Weapon Shoppe.
 13070 | Orc      | Found Ciaxyroi's Book Shoppe.
 13090 | Orc      | Killed from afar by an orc priest

Skill      XL: |  1  2  3  4  5  6  7  8  9 10 11 12 13 |
---------------+----------------------------------------+-----
Dodging        | 3 4 5 6 8 9 10 11 | 11.7
Fighting       | 4 5 6 7 9 10 11 | 11.4
Axes           | 4 5 6 7 8 10 11 12 | 12.6
Invocations    | 3 4 7 9 10 | 10.2
Charms         | 3 5 6 |  6.7
Stealth        | |  2.0

Action                   |  1- 3 |  4- 6 |  7- 9 | 10-12 | 13-15 || total
-------------------------+-------+-------+-------+-------+-------++-------
Melee: Hand axe          |   151 |   107 |       |       |       ||   258
       Tailslap          |    17 |    27 |    46 |   115 |    47 ||   252
       War axe           |       |    37 |   195 |   419 |   133 ||   784
       Morningstar       |       |       |       |    14 |     4 ||    18
Invok: Step From Time    |       |       |       |     1 |       ||     1
Evoke: Wand              |       |       |       |     2 |     2 ||     4
       Lightning rod     |       |       |       |     1 |       ||     1
  Use: Scroll            |       |     6 |     3 |    22 |     1 ||    32
       Potion            |       |       |       |     8 |     3 ||    11
 Stab: Sleeping          |    10 |     8 |     6 |    17 |     3 ||    44
       Distracted        |       |     2 |       |     3 |       ||     5
       Paralysed         |       |       |       |       |     4 ||     4
  Eat: Chunk             |     4 |    10 |     9 |    12 |     2 ||    37
       Ration            |       |       |     2 |     4 |     1 ||     7
Armor: Skin              |    40 |    44 |    64 |   185 |    33 ||   366
Dodge: Dodged            |   100 |   109 |   233 |   919 |   161 ||  1522
